Map: Ultralove

Players

MaxPax - Winner!

  • Race: Protoss Protoss
  • League: Master
  • Spawn Location: 1:00

LiquidClem (Clem)

  • Race: Terran Terran
  • League: Grandmaster
  • Spawn Location: 7:00

VOD

Have the link to the VOD?

Description

Time

  • Played on: Jan. 20, 2025, 3:08 p.m.
  • Length: 14:35
Show
View Real Time Build Order
Export as new Build Order

MaxPax Protoss - Winner!

Build Orders: 1 Gate Expand, Blink Stalkers 

Get SALT Encoding   

  12  0:00  Probe  
  13  0:12  Probe  
  14  0:17  Pylon  
  14  0:23  Probe  
  15  0:31  Probe  
  16  0:35  Gateway  
  16  0:39  Probe  
  16  0:45  Assimilator  
  17  0:50  Probe  
  18  1:03  Probe  
  19  1:15  Probe  
  20  1:23  Cybernetics Core  
  22  1:30  Nexus  
  20  1:33  Probe  
  21  1:41  Pylon  
  21  1:45  Probe  
  22  1:48  Assimilator  
  22  1:49  Adept  
  22  1:57  Probe  
  22  2:01  Warp Gate  
  25  2:08  Stalker  
  25  2:10  Probe  
  26  2:22  Probe  
  29  2:31  Twilight Council  
  29  2:34  Probe  
  30  2:40  Blink  
  30  2:42  Probe  
  31  2:45  Gateway  
  31  2:46  Probe  
  31  2:54  Probe, Stalker  
  31  2:58  Probe  
  35  3:06  Probe  
  35  3:10  Probe  
  37  3:18  Probe  
  38  3:22  Probe  
  39  3:30  Probe  
  39  3:34  Probe  
  39  3:36  Robotics Facility  
  39  3:39  Gateway  
  40  3:43  Probe  
  40  3:46  Pylon, Probe  
  42  3:48  Stalker  
  42  3:52  Stalker  
  46  4:04  Probe x2  
  46  4:08  Pylon  
  48  4:14  Stalker  
  48  4:16  Probe  
  51  4:18  Probe  
  51  4:22  Observer  
  52  4:26  Nexus  
  52  4:28  Probe  
  52  4:30  Stalker  
  52  4:31  Probe  
  55  4:38  Assimilator  
  55  4:40  Probe  
  55  4:43  Probe  
  57  4:46  Stalker  
  57  4:52  Probe  
  60  4:55  Probe  
  60  4:56  Shield Battery  
  60  4:57  Observer  
  62  5:02  Pylon  
  62  5:03  Pylon  
  62  5:20  Forge, Probe x2, Stalker x3  
  70  5:26  Shield Battery  
  70  5:28  Charge  
  70  5:32  Probe x2  
  70  5:34  Probe  
  72  5:42  Probe  
  73  5:44  Probe x2  
  73  5:48  Gateway  
  75  5:52  Probe  
  75  5:54  Gateway  
  75  5:55  Gateway  
  75  5:56  Probe x2  
  75  5:57  Observer, Protoss Ground Weapons Level 1  
  76  6:04  Probe  
  77  6:06  Sentry, Observer  
  77  6:08  Probe x2  
  77  6:11  Gateway  
  81  6:12  Warp Prism, Gateway  
  81  6:16  Probe  
  81  6:18  Robotics Bay  
  82  6:20  Probe  
  82  6:21  Pylon  
  85  6:26  Probe  
  85  6:29  Observer  
  85  6:30  Probe  
  85  6:31  Assimilator  
  87  6:37  Pylon  
  87  6:38  Immortal  
  87  6:45  Stalker x2  
  87  6:46  Stalker  
  93  6:48  Observer  
  95  6:57  Pylon  
  95  6:59  Sentry  
  95  7:00  Zealot x2  
  101  7:04  Pylon, Nexus  
  101  7:06  Colossus  
  101  7:08  Observer  
  101  7:11  Zealot x4  
  109  7:16  Pylon  
  115  7:30  Probe  
  115  7:31  Probe  
  115  7:32  Probe  
  118  7:43  Probe  
  118  7:44  Zealot x7  
  127  7:47  Colossus  
  127  7:50  Probe  
  130  7:52  Probe  
  130  7:55  Probe  
  132  8:02  Probe  
  127  8:18  Zealot x8  
  127  8:19  Probe  
  138  8:21  Observer, Photon Cannon  
  138  8:22  Probe  
  139  8:32  Probe  
  140  8:38  Probe  
  140  8:40  Extended Thermal Lance  
  140  8:41  Protoss Ground Weapons Level 2, Zealot x3  
  145  8:44  Pylon x2  
  145  8:45  Pylon, Probe  
  148  8:51  Pylon  
  148  8:53  Colossus  
  148  9:00  Probe  
  148  9:02  Probe  
  149  9:05  Sentry  
  149  9:07  Zealot x7  
  159  9:19  Probe  
  159  9:21  Probe  
  153  9:27  Nexus  
  153  9:28  Gateway  
  153  9:31  Gateway  
  153  9:32  Zealot x6  
  153  9:33  Dark Shrine  
  153  9:34  Probe  
  164  9:52  Stalker x5  
  170  9:54  Assimilator  
  170  9:55  Assimilator  
  170  9:56  Shield Battery, Photon Cannon  
  170  9:57  Pylon, Zealot  
  170  9:58  Zealot  
  178  10:04  Pylon  
  178  10:07  Observer  
  179  10:15  Pylon  
  179  10:18  Robotics Facility  
  179  10:20  Zealot x4  
  185  10:28  Zealot x4  
  185  10:29  Zealot  
  185  10:30  Forge  
  185  10:33  Gateway  
  185  10:34  Disruptor  
  185  10:35  Pylon  
  175  10:58  Zealot x10  
  175  11:01  Protoss Ground Weapons Level 3  
  187  11:06  Disruptor  
  152  11:13  Protoss Ground Armor Level 1  
  154  11:19  Zealot x10  
  154  11:22  Shadow Stride  
  173  11:26  Probe x4  
  173  11:27  Probe  
  178  11:41  Zealot x3  
  178  11:42  Zealot x5  
  192  11:48  Zealot x3  
  180  12:08  Stalker x7  
  170  12:11  Zealot x4  
  170  12:15  Probe x3  
  160  12:28  Colossus  
  160  12:29  Colossus  
  133  12:31  Zealot x4  
  133  12:32  Zealot x4  
  137  12:53  Dark Templar  
  129  12:59  Sentry, Zealot x8  
  129  13:00  Zealot  
  129  13:01  Probe x3  
  152  13:15  Colossus  
  152  13:16  Nexus  
  152  13:17  Pylon  
  158  13:30  Dark Templar x11  
  178  13:35  Colossus  
  178  14:02  Zealot x11  
Show
View Real Time Build Order
Export as new Build Order

LiquidClem Terran 

Build Orders: 1/1/1, Cyclone Opening 

Get SALT Encoding   

  12  0:00  SCV  
  13  0:12  SCV  
  14  0:16  Supply Depot  
  14  0:24  SCV  
  15  0:38  Barracks, SCV  
  15  0:42  Refinery  
  16  0:50  SCV  
  16  0:54  Refinery  
  17  1:02  SCV  
  18  1:14  SCV  
  19  1:25  Reaper  
  20  1:26  Orbital Command  
  20  1:37  Supply Depot  
  20  1:42  Factory  
  20  1:52  SCV  
  21  1:57  Barracks Reactor  
  21  2:04  SCV  
  22  2:15  Command Center  
  22  2:17  SCV  
  23  2:28  Starport  
  23  2:29  SCV  
  24  2:34  Factory Tech Lab  
  24  2:36  Marine x2  
  26  2:42  Supply Depot  
  26  2:45  SCV  
  27  2:54  Cyclone  
  27  2:57  SCV  
  31  3:04  Marine x2  
  33  3:09  SCV  
  34  3:21  SCV  
  34  3:22  Marine x2  
  37  3:31  Banshee  
  37  3:32  Factory Tech Lab  
  39  3:34  SCV  
  39  3:36  Cloaking Field  
  39  3:39  Marine x2  
  42  3:47  Supply Depot  
  42  3:48  SCV  
  43  3:53  Orbital Command  
  43  4:00  SCV  
  43  4:02  Siege Tank  
  47  4:05  Marine x2  
  49  4:12  SCV  
  49  4:13  Supply Depot  
  50  4:17  Banshee  
  50  4:20  SCV  
  54  4:24  SCV  
  54  4:27  Marine x2  
  57  4:32  SCV  
  57  4:35  Supply Depot  
  57  4:36  SCV  
  59  4:43  Siege Tank  
  62  4:47  SCV, Supply Depot  
  62  4:49  Marine x2, SCV  
  66  4:59  SCV, Bunker  
  64  5:02  Barracks  
  64  5:05  SCV  
  65  5:08  Marine x2  
  65  5:09  Raven, Refinery  
  65  5:13  SCV  
  70  5:15  Engineering Bay  
  70  5:17  SCV  
  70  5:20  Supply Depot  
  71  5:27  Barracks, SCV  
  72  5:29  SCV  
  72  5:33  Siege Tank  
  76  5:35  Marine  
  76  5:36  Marine, Refinery  
  76  5:39  SCV  
  79  5:44  SCV  
  79  5:45  Supply Depot  
  79  5:47  Terran Infantry Weapons Level 1  
  80  5:51  SCV  
  80  5:53  Marine  
  80  5:56  Marine, SCV  
  84  5:59  Supply Depot  
  84  6:02  Stimpack  
  84  6:03  SCV  
  85  6:05  Marauder  
  88  6:11  Marine, SCV  
  88  6:13  Starport Reactor  
  88  6:14  Marine  
  88  6:18  Command Center  
  90  6:21  Combat Shield  
  90  6:24  Marauder  
  92  6:27  Factory Reactor  
  92  6:29  Marine  
  92  6:30  Marauder  
  92  6:32  Marine  
  96  6:45  SCV x2, Marauder  
  100  6:51  Barracks  
  100  6:52  Marauder  
  100  6:53  Marine x2  
  104  6:54  Medivac x2, Barracks  
  104  6:58  Supply Depot  
  108  7:02  Supply Depot  
  108  7:07  Marauder  
  110  7:14  Supply Depot  
  110  7:20  Marine x2, Widow Mine x2, SCV x2, Missile Turret  
  118  7:24  Marauder  
  118  7:28  Marauder  
  118  7:29  Medivac x2  
  126  7:34  Orbital Command  
  126  7:43  Widow Mine x2  
  126  7:44  Barracks Reactor, Barracks Tech Lab  
  118  7:46  Marine x2, Marauder  
  118  7:51  Marauder  
  123  7:53  SCV  
  122  7:58  SCV  
  122  8:04  Orbital Command  
  122  8:05  SCV  
  118  8:07  Marine x2, Marauder  
  118  8:09  Widow Mine x2  
  118  8:10  SCV  
  118  8:12  Marauder  
  120  8:15  Medivac x2  
  124  8:20  SCV, Marauder  
  124  8:22  Marine  
  124  8:23  Marine  
  124  8:26  SCV  
  128  8:30  SCV, Supply Depot  
  128  8:31  Marine x2  
  131  8:36  Widow Mine x2  
  131  8:38  SCV  
  131  8:40  Terran Infantry Armor Level 1  
  133  8:41  Supply Depot  
  133  8:42  SCV x2  
  133  8:47  Marine x2  
  137  8:50  SCV  
  137  8:51  Viking  
  137  8:52  Supply Depot  
  139  8:57  Viking  
  139  9:00  Marauder  
  139  9:02  Marauder  
  141  9:03  SCV x3  
  141  9:07  Supply Depot  
  141  9:08  Marine x2  
  146  9:12  Marine  
  146  9:13  Widow Mine x2  
  146  9:14  Marine  
  146  9:15  SCV x2  
  150  9:17  SCV  
  150  9:18  Concussive Shells  
  150  9:24  Marauder  
  153  9:27  SCV x2, Viking x2  
  153  9:30  Marine  
  153  9:31  Armory, Refinery  
  160  9:32  Engineering Bay, Refinery  
  160  9:35  Supply Depot  
  160  9:37  Marauder  
  162  9:46  Marine x2, Command Center  
  164  9:54  Marauder x2  
  164  9:55  Ghost Academy  
  164  9:58  Supply Depot  
  172  10:00  Widow Mine x2  
  172  10:01  Marine x2  
  172  10:06  Viking  
  176  10:07  Viking  
  176  10:12  Missile Turret  
  178  10:16  Marauder x2  
  178  10:17  Marauder  
  178  10:19  Supply Depot  
  184  10:22  Bunker  
  184  10:26  Supply Depot  
  184  10:28  Terran Infantry Weapons Level 2  
  184  10:29  SCV x2  
  184  10:30  SCV  
  183  10:37  Ghost, Viking x2  
  183  10:41  Terran Infantry Armor Level 2  
  184  10:44  Ghost  
  184  10:48  Marine  
  184  10:49  Marine x2  
  183  10:52  Widow Mine  
  181  10:57  SCV x2  
  181  11:00  Marine  
  181  11:01  Ghost  
  181  11:02  SCV  
  188  11:08  Ghost  
  188  11:09  Marine  
  171  11:13  Viking x2, Marauder  
  171  11:14  Marine x2, Widow Mine  
  175  11:20  Marine, Bunker  
  176  11:29  SCV  
  176  11:30  Ghost, SCV x2  
  182  11:32  Marine  
  182  11:34  Ghost  
  182  11:38  Ghost  
  189  11:41  SCV  
  189  11:43  Viking  
  192  11:51  Sensor Tower  
  192  11:54  Planetary Fortress  
  192  11:55  Marine x3  
  192  11:56  Marine  
  192  11:59  Marauder  
  180  12:01  Widow Mine  
  180  12:03  Marauder  
  180  12:05  Viking  
  180  12:07  Marine  
  174  12:11  SCV  
  174  12:13  Marine x2  
  174  12:15  Missile Turret, SCV  
  177  12:16  Missile Turret, SCV  
  177  12:18  Marine  
  177  12:20  Marine  
  177  12:21  Marauder  
  162  12:24  Ghost, Widow Mine  
  162  12:25  Marauder  
  160  12:31  Marine x2  
  160  12:36  Marine  
  145  12:37  Marine  
  145  12:39  Barracks, Widow Mine  
  145  12:40  Barracks  
  145  12:41  Ghost  
  145  12:42  Barracks, Medivac  
  142  12:46  Marauder  
  142  12:48  Medivac, Widow Mine  
  142  12:49  Marine x2  
  143  12:53  Marauder  
  143  12:54  Missile Turret  
  143  12:55  Marine x2  
  143  12:56  SCV x2  
  149  13:02  SCV  
  149  13:03  SCV  
  151  13:06  Marine  
  151  13:07  Marine  
  151  13:10  Marine  
  154  13:13  Marine  
  154  13:14  Marauder  
  154  13:15  Marauder  
  154  13:17  Marine  
  160  13:24  Marine, Viking x2  
  166  13:27  Widow Mine x2  
  166  13:29  Marine, Marauder  
  166  13:31  Barracks Tech Lab x2  
  166  13:33  Barracks Reactor  
  166  13:34  Marine  
  167  13:45  Marauder  
  167  13:47  Marine x2  
  167  13:48  Widow Mine, Command Center  
  169  13:53  Ghost  
  169  13:55  Marauder x2  
  155  13:57  Marine, Viking x2  
  155  13:58  Marine, Widow Mine  
  155  14:01  Marauder  
  158  14:05  Marine x2  
  158  14:06  Marine  
  158  14:09  Marine  
  155  14:10  Marine  
  135  14:15  Marine  
Tags
 
Add a new tag
Caveats
  • Supply blocks, unpowered buildings, or Contaminate may cause inaccurate times.
  • Supply counts are checked every 10 seconds.